woodfighter, chaotic female elven Rogue ----------- --------- |.........| --.......| |.........| |........-- |.........| ---..---).| |.........| |..| |..| |.i..<....| ----.---|..| |.........| |..`....|..| |.....o...| |..........| |......xod| |..........-------------@| --.....--................| --.....------------------ ---.>...| ------- woodfighter the Rogue Experience level: 6 Strength: 12 Dexterity: 18 Constitution: 14 Intelligence: 14 Wisdom: 10 Charisma: 9 Health: 0(40) Energy: 29(29) Def: 8 Gold: 0 Moves: 4105 Dungeon seed: ZFKAtgcDod4AUWMo Game ID: woodfighter_1515955199 Your Inventory: Weapons b - 12 +0 elven daggers (in quiver) g - a blessed +2 dwarvish short sword named Sword of Serenity (weapon in hand) Armor n - an uncursed +0 dwarvish mithril-coat (being worn) r - an uncursed +0 orcish helm (being worn) z - an uncursed burnt +0 mummy wrapping (being worn) N - an uncursed burnt +0 elven shield (being worn) Y - an uncursed +0 pair of elven boots (being worn) Comestibles c - an uncursed lichen corpse d - an uncursed food ration h - an uncursed fortune cookie l - 3 uncursed tripe rations G - an uncursed cream pie H - 4 uncursed lembas wafers Rings U - an uncursed ring of teleport control (on left hand) Wands v - a wand of teleportation (0:4) L - a wand of sleep (0:5) Tools f - an uncursed blindfold s - an uncursed bag of holding y - an uncursed lock pick Spells and supernatural/magical abilities: Name Level Category Fail Memory W - pray for help -- divine ? -- Your skills at the end: Miscellaneous Skills wands [Basic] Weapon Skills dagger [Basic] short sword [Basic] Spellcasting Skills Final Attributes: You were piously aligned. You were sleep resistant. Your writing hand was ok. You were telepathic. You had infravision. You were stealthy. You had teleport control. You are dead. Vanquished creatures: 10 Mordor orcs a kobold mummy a ghoul 2 straw golems a paper golem a floating eye 2 kittens a dwarf 2 iguanas 2 jitterbugs a giant bat 8 dwarf zombies a werejackal a coyote an acid blob a large kobold 2 geckos 3 hobgoblins 2 giant rats 2 yellow molds a red mold a garter snake 3 jackals a fox 10 newts 5 goblins 2 sewer rats 5 grid bugs 4 bats 7 lichens a kobold zombie 85 creatures vanquished. Voluntary challenges: You did not cause conflict. You were not invisible. You did not have reflection. You were not displaced. You used a wielded weapon 131 times, starting on turn 84. You did not apply a unicorn horn. You did not use plumbed fixtures. You did not drink any magical draughts. You read items or engraved 3 times, starting on turn 3113. You never genocided any monsters. You never polymorphed an object. You never changed form. You used no wishes. You never split a pudding. You never wrote Elbereth's name. You never violated your personal moral code. Dungeon overview: The Dungeons of Doom: levels 1 to 7 Level 1 an altar to Mog, some fountains a long staircase Level 2 some sinks Level 3 a delicatessen, some fountains stairs to The Gnomish Mines Level 4 some fountains Level 5 many fountains Level 6 an altar to Mog stairs to Sokoban Level 7 The Gnomish Mines: Level 4 stairs to The Dungeons of Doom Sokoban: levels 4 to 5 Level 4 <- You were here Level 5 an altar to Mog, a magic chest stairs to The Dungeons of Doom History has recorded: On T:1 you entered the Dungeons of Doom to retrieve the Amulet of Yendor! On T:370 you reached level 2 of The Dungeons of Doom. On T:446 you reached level 3 of The Dungeons of Doom. On T:614 you advanced to experience level 2. On T:902 you reached level 4 of The Dungeons of Doom. On T:904 you advanced to experience level 3. On T:1024 you reached level 1 of The Gnomish Mines. On T:1398 you advanced to experience level 4. On T:1419 you reached level 5 of The Dungeons of Doom. On T:1915 you reached level 6 of The Dungeons of Doom. On T:1968 you advanced to experience level 5. On T:1991 you prayed to Kos. On T:2495 you reached level 7 of The Dungeons of Doom. On T:2565 you reached level 4 of Sokoban. On T:2961 you advanced to experience level 6. On T:3109 you opened a magic chest. On T:3645 you reached level 3 of Sokoban. On T:4100 you prayed to Kos. Score breakdown: Gold: 0 ( 0 points) Experience: 6 levels ( 500 points) Exploration: 7 levels ( 180 points) Discoveries: 9 items ( 450 points) Variety of kills: 31 monsters ( 1550 points) Major goal: (nothing yet) ( 0 points) Survival: died (score multiplied by 3) Total score: 8040 Latest messages: The elven dagger hits the hell hound. The hell hound breathes fire! The blast of fire hits you! Your wrapping smoulders! The blast of fire bounces! The blast of fire hits you! Your wooden shield smoulders! The hell hound bites! You stab the hell hound! The hell hound bites! You begin praying to Kos. You are surrounded by a shimmering light. The hell hound starts to attack you, but pulls back. (4x) You feel that Kos is well-pleased. You feel much better. You stab the hell hound! The hell hound bites! You stab the hell hound! The hell hound bites! (2x) You stab the hell hound! The Uruk-hai punches you! The hell hound bites! You die... The bag of holding is empty. The bag of holding is empty. Final status: Goodbye woodfighter the Rogue, killed by a hell hound... You died in Sokoban on dungeon level 4 with 8040 points, and 0 pieces of gold, after 4105 moves. You were level 6 with a maximum of 40 hit points when you died.